 Dungeon Crawl Stone Soup version 0.31.0-32-g396128a36d (webtiles) character file.

Game seed: 4597416110454440809

52 Peloso the Covered (level 3, 33/33 HPs)
             Began as a Minotaur Fighter on Mar 29, 2024.
             Got out of the dungeon alive.
             The game lasted 00:02:29 (1731 turns).

Peloso the Covered (Minotaur Fighter)               Turns: 1731, Time: 00:02:30

Health: 33/33      AC:  7    Str: 20    XL:     3   Next: 60%
Magic:  2/2        EV:  9    Int:  5    God:
Gold:   142        SH:  4    Dex: 11    Spells: 2/2 levels left

rFire   . . .        a - +1 long sword
rCold   . . .        c - +0 buckler
rNeg    . . .        b - +0 scale mail
rPois   .            (helmet restricted)
rElec   .            (no cloak)
rCorr   .            (no gloves)
SInv    .            (no boots)
Will    .....        (no amulet) Stlth
                     (no ring)
HPRegen 0.25/turn    (no ring)
MPRegen 0.08/turn

%: no passive effects
@: no status effects
A: horns 2, retaliatory headbutt, subdued magic 1
a: no special abilities


You escaped.
You visited 1 branch of the dungeon, and saw 2 of its levels.

You collected 142 gold pieces.

Inventory:

Hand Weapons
 a - a +1 long sword (weapon)
Armour
 b - a +0 scale mail (worn)
 c - a +0 buckler (worn)
Jewellery
 l - a ring of fire
Scrolls
 i - a scroll of teleportation
 o - a scroll of summoning
Potions
 d - a potion of might
 h - 2 potions of heal wounds {unknown}
 m - 2 potions of curing {unknown}
 q - a potion of ambrosia {unknown}


   Skills:
 + Level 4.1 Fighting
 + Level 2.9 Long Blades
 + Level 4.4 Armour
 + Level 4.3 Shields


You had 2 spell levels left.
You didn't know any spells.
Your spell library contained the following spells:

 Spells                   Type           Power      Damage    Failure   Level
 Dazzling Flash           Conj/Hex       0%         N/A       99%         3
 Volatile Blastmotes      Fire/Tloc      0%         2d10      99%         3
 Starburst                Conj/Fire      0%         6d3       100%        6
 Maxwell's Capacitive Co  Air            0%         ∞         100%        8


Dungeon Overview and Level Annotations

Branches:
Dungeon (2/15)

Altars:

Shops:
D:2 [


Innate Abilities, Weirdness & Mutations

You have a pair of horns on your head.
You reflexively headbutt those who attack you in melee.
Your spells are a little easier to cast, but a little less powerful.


Message History

Done exploring.
Done exploring.
Done exploring.
Done exploring.
As you read the scroll labelled QIPRUP OKHA, it crumbles to dust.
You feel momentarily disoriented.
It was a scroll of revelation.
As you read the scroll labelled OZOAQI FOOPN, it crumbles to dust.
You feel strangely unstable.
It was a scroll of teleportation.
As you read the scroll labelled LIMERA VOFESESS, it crumbles to dust.
You hear a loud clanging noise!
It was a scroll of noise.
As you read the scroll labelled YSTUW CUPNEOT, it crumbles to dust.
It is a scroll of identify.
o - a scroll of summoning
As you read the scroll labelled OPUNECKO ORIALO, it crumbles to dust.
It is a scroll of enchant weapon.
Your +0 long sword glows red for a moment.
As you read the scroll labelled CEDWUQ NAQAS, it crumbles to dust.
A wave of despondency washes over your surroundings.
It was a scroll of vulnerability.
Your surroundings suddenly seem different.
It was a potion of enlightenment.
You feel very buoyant.
You fly up into the air.
It was a potion of mutation.
You feel extremely strange.
You feel yourself wasting away.
You feel healthier.
Your connection to magic feels subdued.
You start waiting.
You are starting to lose your buoyancy.
You start waiting.
You float gracefully downwards.
Okay, then.
What level of the Dungeon? (default 1, ? - help)
There is an open door here.
Your enlightenment fades.
You feel your willpower return.
You see here 4 stones.
There is an open door here.
There is a staircase leading out of the dungeon here.
You have escaped!

###~~~~~~~~~.....~~~~~~~~~#
#####~~~~~~~~~~~.~~~~~~~~~~~#
....#~.PP♣PP.♣♣~.~♣.♣♣♣♣♣♣♣~#####
###.#~P♣P.♣PPP♣~.~..P......~#....
#.#~~~~~~~~~~~(~~~~~~~~~~~#####
##############'############ # ##
#...# #.....# #.##### .##
#..#####.....# #.#.... ..#
#......#..@..### #.#.### .##
##.###########.# #.#.# # .# ##'##
#.#.# #.# #.#.### .# ##...##
#.#.# #.# #...... .#
##.....###.#.###.# ##...## .#
##.......##.......# #...#.
.###.........####...#########.#..
...'.........'...................
.###.........####...#########.#..


There were no monsters in sight!

Vanquished Creatures
  2 adders (D:2)
  3 endoplasms
  6 giant cockroaches
  A goblin (D:1)
  3 hobgoblins
  3 quokkas
  5 ball pythons
  A bat (D:1)
  4 frilled lizards
  2 kobolds (D:1)
  4 rats
34 creatures vanquished.

Notes
Turn   | Place    | Note
-------+----------+-------------------------------------------
     0 | D:1      | Peloso the Minotaur Fighter began the quest for the Orb.
     0 | D:1      | Reached XP level 1. HP: 19/19 MP: 0/0
   231 | D:1      | You fall into a shaft and drop 1 floor!
   320 | D:2      | Reached XP level 2. HP: 25/27 MP: 1/1
   336 | D:2      | Found Isarchecs's Antique Armour Boutique.
   481 | D:2      | Reached XP level 3. HP: 26/33 MP: 2/2
  1688 | D:1      | Gained mutation: Your body sometimes deteriorates upon
                  | taking damage. [potion of mutation]
  1688 | D:1      | Lost mutation: Your body sometimes deteriorates upon taking
                  | damage. [potion of mutation]
  1688 | D:1      | Gained mutation: Your spells are a little easier to cast,
                  | but a little less powerful. [potion of mutation]
  1731 | D:$      | Got out of the dungeon alive.

Illustrated notes

Levels and vault maps discovered:
D:1:      lightli_arrival_farm, layout_loops_corners
D:2:      layout_basic, serial_shops, nicolae_shop_pleasant_corner_grove

Skill      XL: |  1  2  3 |
---------------+----------+-----
Armour         | 4 |  4.4
Shields        | 4 |  4.3
Fighting       | 4 |  4.1
Long Blades    | |  2.9

Action                     || total
---------------------------++-------
  Melee: Long sword        ||    73
         Headbutt          ||    11
    Use: Scroll            ||     6
         Potion            ||     2
 Armour: Scale mail        ||    44
  Dodge: Dodged            ||    26
  Block: Buckler           ||    15
